TOP OF THE 1ST |
Gurdon Pelicans batting - Pitching for Chesapeake Continentals : RHP Aurelio López
|
Pitching: RHP Aurelio López
|
|
Batting: RHB José Muńóz
|
0-0: Foul Ball, location: 2F 0-1: Foul Ball, location: 2F 0-2: Ball 1-2: Strikes out looking
|
Batting: SHB Carlos Kramer
|
0-0: Called Strike 0-1: Foul Ball, location: 2F 0-2: Ball 1-2: Foul Ball, location: 2F 1-2: Strikes out looking
|
Batting: RHB Micah Miller
|
0-0: Swinging Strike 0-1: Ball 1-1: Foul Ball, location: 2F 1-2: Fly out, F4 (Popup, 4MD)
|
Top of the 1st over - 0 run(s), 0 hit(s), 0 error(s), 0 left on base; Gurdon 0 - Chesapeake 0 |
BOTTOM OF THE 1ST |
Chesapeake Continentals batting - Pitching for Gurdon Pelicans : LHP Carlos Méndez
|
Pitching: LHP Carlos Méndez
|
|
Batting: RHB Gustavo Varela
|
0-0: Foul Ball, location: 2F 0-1: Ball 1-1: Called Strike 1-2: Ball 2-2: Foul Ball, location: 2F 2-2: Strikes out swinging
|
Batting: LHB Wayne Akers
|
0-0: Ball 1-0: Called Strike 1-1: Foul Ball, location: 2F 1-2: Strikes out swinging
|
Batting: RHB Mike Peterson
|
0-0: Fly out, F5 (Popup, 5SF)
|
Bottom of the 1st over - 0 run(s), 0 hit(s), 0 error(s), 0 left on base; Gurdon 0 - Chesapeake 0 |
TOP OF THE 2ND |
Gurdon Pelicans batting - Pitching for Chesapeake Continentals : RHP Aurelio López
|
Batting: LHB Jesús Reyes
|
0-0: Ball 1-0: Ball 2-0: Foul Ball, location: 2F 2-1: Ball 3-1: Called Strike 3-2: Base on Balls
|
Batting: RHB Alex Maxwell
|
0-0: Ball 1-0: Foul Ball, location: 2F 1-1: Called Strike 1-2: Foul Ball, location: 2F 1-2: Ball 2-2: Foul Ball, location: 2F 2-2: Ball 3-2: SINGLE (Line Drive, 9S) Jesús Reyes to second
|
Batting: RHB Riley Howard
|
0-0: Called Strike 0-1: Foul Ball, location: 2F 0-2: Strikes out swinging
|
Batting: RHB Bobby Buck
|
0-0: Ball 1-0: Ball 2-0: Called Strike 2-1: Foul Ball, location: 2F 2-2: Ball 3-2: Strikes out swinging
|
Batting: LHB António Rivera
|
0-0: Ball 1-0: SINGLE (Groundball, 6MD) Jesús Reyes to third Alex Maxwell to second Runner from 3rd tries for Home, SAFE, no throw or cutoff
|
Batting: RHB Morton Kelly
|
0-0: Foul Ball, location: 2F 0-1: Swinging Strike 0-2: Strikes out looking
|
Top of the 2nd over - 1 run(s), 2 hit(s), 0 error(s), 2 left on base; Gurdon 1 - Chesapeake 0 |
BOTTOM OF THE 2ND |
Chesapeake Continentals batting - Pitching for Gurdon Pelicans : LHP Carlos Méndez
|
Batting: SHB Kevin Carlile
|
0-0: Ball 1-0: Ball 2-0: Called Strike 2-1: Called Strike 2-2: Foul Ball, location: 2F 2-2: SOLO HOME RUN (Flyball, 78XD), Distance : 405 ft
|
Batting: RHB Dan McCabe
|
0-0: SINGLE (Line Drive, 6MD)
|
Batting: RHB Anrrique Bolo
|
0-0: Ball 1-0: Ball 2-0: Called Strike 2-1: Swinging Strike 2-2: Ball 3-2: Base on Balls Dan McCabe to second
|
Batting: SHB Tim Roberts
|
0-0: Swinging Strike 0-1: Ball 1-1: Foul Ball, location: 2F 1-2: Foul Ball, location: 2F 1-2: Ball 2-2: Foul Ball, location: 2F 2-2: Strikes out swinging
|
Batting: RHB Harry Reynolds
|
0-0: Reached on error, E5 (Groundball, 56S) Dan McCabe to third Anrrique Bolo to second
|
Batting: RHB Kirk Wells
|
0-0: Called Strike 0-1: Foul Ball, location: 2F 0-2: Strikes out swinging
|
Batting: RHB Gustavo Varela
|
0-0: Called Strike 0-1: Ball 1-1: Ball 2-1: TRIPLE (Flyball, 8LM) Dan McCabe scores Anrrique Bolo scores Harry Reynolds scores
|
Batting: LHB Wayne Akers
|
0-0: Ball 1-0: Called Strike 1-1: Ball 2-1: Called Strike 2-2: Fly out, F3 (Line Drive, 3S)
|
Bottom of the 2nd over - 4 run(s), 3 hit(s), 1 error(s), 1 left on base; Gurdon 1 - Chesapeake 4 |
TOP OF THE 3RD |
Gurdon Pelicans batting - Pitching for Chesapeake Continentals : RHP Aurelio López
|
Batting: RHB José Muńóz
|
0-0: Called Strike 0-1: Ground out 5-3 (Groundball, 5D)
|
Batting: SHB Carlos Kramer
|
0-0: Called Strike 0-1: Ball 1-1: Ball 2-1: Ball 3-1: Called Strike 3-2: Strikes out swinging
|
Batting: RHB Micah Miller
|
0-0: Ball 1-0: Ball 2-0: Fly out, F7 (Flyball, 78M)
|
Top of the 3rd over - 0 run(s), 0 hit(s), 0 error(s), 0 left on base; Gurdon 1 - Chesapeake 4 |
BOTTOM OF THE 3RD |
Chesapeake Continentals batting - Pitching for Gurdon Pelicans : LHP Carlos Méndez
|
Batting: RHB Mike Peterson
|
0-0: Ball 1-0: Ball 2-0: Foul Ball, location: 2F 2-1: Foul Ball, location: 2F 2-2: Ball 3-2: SOLO HOME RUN (Flyball, 7LD), Distance : 362 ft
|
Batting: SHB Kevin Carlile
|
0-0: Swinging Strike 0-1: Foul Ball, location: 2F Reached via error on a dropped throw, E3
|
Batting: RHB Dan McCabe
|
0-0: Called Strike 0-1: Ball 1-1: Ball 2-1: Foul Ball, location: 2F 2-2: Ball 3-2: Strikes out swinging
|
Batting: RHB Anrrique Bolo
|
0-0: Ball 1-0: Called Strike 1-1: Ball 2-1: Ball 3-1: Base on Balls Kevin Carlile to second
|
Batting: SHB Tim Roberts
|
0-0: Ball 1-0: Ball 2-0: Ball 3-0: Called Strike 3-1: Base on Balls Kevin Carlile to third Anrrique Bolo to second
|
Batting: RHB Harry Reynolds
|
0-0: Ball 1-0: Fly out, F9 (Flyball, 9M) Runner from 3rd tags up, SCORES, throw made
|
Batting: RHB Kirk Wells
|
0-0: Ball 1-0: Fly out, F9 (Flyball, 9LM)
|
Bottom of the 3rd over - 2 run(s), 1 hit(s), 1 error(s), 2 left on base; Gurdon 1 - Chesapeake 6 |
TOP OF THE 4TH |
Gurdon Pelicans batting - Pitching for Chesapeake Continentals : RHP Aurelio López
|
Batting: LHB Jesús Reyes
|
0-0: Ball 1-0: Ball 2-0: Called Strike 2-1: Fly out, F8 (Flyball, 8LD)
|
Batting: RHB Alex Maxwell
|
0-0: Ground out 4-3 (Groundball, 4)
|
Batting: RHB Riley Howard
|
0-0: Called Strike 0-1: Ball 1-1: Foul Ball, location: 2F 1-2: Ball 2-2: Ball 3-2: Ground out 4-3 (Groundball, 4)
|
Top of the 4th over - 0 run(s), 0 hit(s), 0 error(s), 0 left on base; Gurdon 1 - Chesapeake 6 |
BOTTOM OF THE 4TH |
Chesapeake Continentals batting - Pitching for Gurdon Pelicans : LHP Carlos Méndez
|
Batting: RHB Gustavo Varela
|
0-0: Fly out, F7 (Line Drive, 7S)
|
Batting: LHB Wayne Akers
|
0-0: Called Strike 0-1: Swinging Strike 0-2: Ball 1-2: Foul Ball, location: 2F 1-2: Ball 2-2: Strikes out swinging
|
Batting: RHB Mike Peterson
|
0-0: Ball 1-0: Ball 2-0: Fly out, F9 (Flyball, 89M)
|
Bottom of the 4th over - 0 run(s), 0 hit(s), 0 error(s), 0 left on base; Gurdon 1 - Chesapeake 6 |
TOP OF THE 5TH |
Gurdon Pelicans batting - Pitching for Chesapeake Continentals : RHP Aurelio López
|
Batting: RHB Bobby Buck
|
0-0: Called Strike 0-1: Ground out 5-3 (Groundball, 15S)
|
Batting: LHB António Rivera
|
0-0: Ground out U3 (Groundball, 3L)
|
Batting: RHB Morton Kelly
|
0-0: Ball 1-0: Foul Ball, location: 2F 1-1: Called Strike 1-2: Fly out, F3 (Popup, 3F)
|
Top of the 5th over - 0 run(s), 0 hit(s), 0 error(s), 0 left on base; Gurdon 1 - Chesapeake 6 |
BOTTOM OF THE 5TH |
Chesapeake Continentals batting - Pitching for Gurdon Pelicans : LHP Carlos Méndez
|
Batting: SHB Kevin Carlile
|
0-0: Ball 1-0: Ball 2-0: Fly out, F9 (Flyball, 89S)
|
Batting: RHB Dan McCabe
|
0-0: Ball 1-0: Ball 2-0: Fly out, F7 (Line Drive, 7LS)
|
Batting: RHB Anrrique Bolo
|
0-0: Called Strike 0-1: SINGLE (Groundball, 56)
|
Batting: SHB Tim Roberts
|
0-0: Ball 1-0: Foul Ball, location: 2F 1-1: Ball 2-1: Swinging Strike 2-2: Fly out, F9 (Flyball, 89D)
|
Bottom of the 5th over - 0 run(s), 1 hit(s), 0 error(s), 1 left on base; Gurdon 1 - Chesapeake 6 |
TOP OF THE 6TH |
Gurdon Pelicans batting - Pitching for Chesapeake Continentals : RHP Aurelio López
|
Batting: RHB José Muńóz
|
0-0: Ball 1-0: Ground out 5-3 (Groundball, 56)
|
Batting: SHB Carlos Kramer
|
0-0: Ball 1-0: Ball 2-0: Foul Ball, location: 2F 2-1: Called Strike 2-2: Ball 3-2: Foul Ball, location: 2F 3-2: Strikes out swinging
|
Batting: RHB Micah Miller
|
0-0: SINGLE (Groundball, 25) (infield hit)
|
Batting: LHB Jesús Reyes
|
0-0: Ground out 5-3 (Groundball, 56)
|
Top of the 6th over - 0 run(s), 1 hit(s), 0 error(s), 1 left on base; Gurdon 1 - Chesapeake 6 |
BOTTOM OF THE 6TH |
Chesapeake Continentals batting - Pitching for Gurdon Pelicans : LHP Carlos Méndez
|
Pitching: LHP Francisco Mora
|
|
Batting: RHB Harry Reynolds
|
0-0: Ball 1-0: Ball 2-0: Foul Ball, location: 2F 2-1: Ball 3-1: Base on Balls
|
Batting: RHB Kirk Wells
|
0-0: Sac Bunt - play at first, batter OUT! 1-3 Harry Reynolds to second
|
Batting: RHB Gustavo Varela
|
0-0: Ground out 1-3 (Groundball, 13) Harry Reynolds to third
|
Batting: LHB Wayne Akers
|
0-0: Ball 1-0: Ball 2-0: Called Strike 2-1: Ball 3-1: Called Strike 3-2: Foul Ball, location: 2F 3-2: Base on Balls
|
Batting: RHB Mike Peterson
|
0-0: Ball 1-0: Swinging Strike 1-1: Foul Ball, location: 2F 1-2: Fly out, F9 (Flyball, 9S)
|
Bottom of the 6th over - 0 run(s), 0 hit(s), 0 error(s), 2 left on base; Gurdon 1 - Chesapeake 6 |
TOP OF THE 7TH |
Gurdon Pelicans batting - Pitching for Chesapeake Continentals : RHP Aurelio López
|
Batting: RHB Alex Maxwell
|
0-0: Swinging Strike 0-1: Swinging Strike 0-2: Foul Ball, location: 2F 0-2: Strikes out looking
|
Batting: RHB Riley Howard
|
0-0: Called Strike 0-1: Fly out, F9 (Flyball, 9M)
|
Batting: RHB Bobby Buck
|
0-0: Called Strike 0-1: Ball 1-1: Ground out 5-3 (Groundball, 56)
|
Top of the 7th over - 0 run(s), 0 hit(s), 0 error(s), 0 left on base; Gurdon 1 - Chesapeake 6 |
BOTTOM OF THE 7TH |
Chesapeake Continentals batting - Pitching for Gurdon Pelicans : LHP Francisco Mora
|
Batting: SHB Kevin Carlile
|
0-0: SINGLE (Line Drive, 34)
|
Batting: RHB Dan McCabe
|
0-0: Ball 1-0: Foul Ball, location: 2F 1-1: Called Strike 1-2: Ball 2-2: SINGLE (Line Drive, 8RS) Kevin Carlile to second
|
Batting: RHB Anrrique Bolo
|
0-0: Bunted foul 0-1: Sac Bunt - play at first, batter safe! Kevin Carlile to third Dan McCabe to second
|
Batting: SHB Tim Roberts
|
0-0: Foul Ball, location: 2F 0-1: Called Strike 0-2: Ball 1-2: Ball 2-2: Ball 3-2: Fly out, F9 (Flyball, 9S)
|
Batting: RHB Harry Reynolds
|
0-0: Fly out, F7 (Line Drive, 78M) Runner from 3rd tags up, SCORES, throw made
|
Batting: RHB Kirk Wells
|
0-0: Ground out 4-3 (Groundball, 34)
|
Bottom of the 7th over - 1 run(s), 3 hit(s), 0 error(s), 2 left on base; Gurdon 1 - Chesapeake 7 |
TOP OF THE 8TH |
Gurdon Pelicans batting - Pitching for Chesapeake Continentals : RHP Aurelio López
|
Pitching: RHP Gilberto Soto
|
|
Batting: LHB António Rivera
|
0-0: Ball 1-0: Fly out, F8 (Flyball, 8LM)
|
Batting: RHB Morton Kelly
|
0-0: Called Strike 0-1: Ball 1-1: Ball 2-1: Ground out 1-3 (Groundball, 13)
|
Batting: RHB José Muńóz
|
0-0: Ball 1-0: Foul Ball, location: 2F 1-1: Swinging Strike 1-2: Ball 2-2: Ball 3-2: Foul Ball, location: 2F 3-2: Strikes out swinging
|
Top of the 8th over - 0 run(s), 0 hit(s), 0 error(s), 0 left on base; Gurdon 1 - Chesapeake 7 |
BOTTOM OF THE 8TH |
Chesapeake Continentals batting - Pitching for Gurdon Pelicans : LHP Francisco Mora
|
Pitching: LHP Herb Bishop
|
|
Batting: RHB Gustavo Varela
|
0-0: Ball 1-0: Swinging Strike 1-1: Foul Ball, location: 2F 1-2: Ball 2-2: Ball 3-2: DOUBLE (Line Drive, 9LM)
|
Batting: LHB Wayne Akers
|
0-0: Ball 1-0: Ground out U3 (Groundball, 3S) Gustavo Varela to third
|
Batting: RHB Mike Peterson
|
0-0: Ball 1-0: Called Strike 1-1: Ground out 5-3 (Groundball, 5S)
|
Batting: SHB Kevin Carlile
|
0-0: Ball 1-0: Ball 2-0: Fly out, F8 (Flyball, 8LS)
|
Bottom of the 8th over - 0 run(s), 1 hit(s), 0 error(s), 1 left on base; Gurdon 1 - Chesapeake 7 |
TOP OF THE 9TH |
Gurdon Pelicans batting - Pitching for Chesapeake Continentals : RHP Gilberto Soto
|
Batting: SHB Carlos Kramer
|
0-0: SOLO HOME RUN (Flyball, 78XD), Distance : 402 ft
|
Pitching: RHP Jim Unknown
|
|
Batting: RHB Micah Miller
|
0-0: Called Strike 0-1: Swinging Strike 0-2: Foul Ball, location: 2F 0-2: Ball 1-2: Ball 2-2: Ball 3-2: Strikes out swinging
|
Batting: LHB Jesús Reyes
|
0-0: Ball 1-0: Called Strike 1-1: Foul Ball, location: 2F 1-2: Foul Ball, location: 2F 1-2: Foul Ball, location: 2F 1-2: Strikes out looking
|
Batting: RHB Alex Maxwell
|
0-0: Ball 1-0: Ball 2-0: Ball 3-0: Base on Balls
|
Batting: RHB Riley Howard
|
0-0: Swinging Strike 0-1: Ball 1-1: Ball 2-1: Swinging Strike 2-2: Strikes out swinging
|
Top of the 9th over - 1 run(s), 1 hit(s), 0 error(s), 1 left on base; Gurdon 2 - Chesapeake 7 |
|